AoeStats
← Herby

Arena

508155231Analyzed
4v4 RM · 11d ago on Sep 21, 2026· 49m 33s· 8 players
Game mode
Random Map
Map size
Large (8 player)
Population
200
Speed
Normal
Resources
Standard
Victory
Conquest
Starting age
Dark Age
Ending age
Imperial Age
RankedLock teamsTeams togetherTeam positionsShared explorationLock speedFull tech treeHidden civsTurbo modeCheats
Victory
Defeat
🇺🇸 Khmer · United States
1467
+15
🇬🇧 Poles · United Kingdom
1458
+16
🇸🇬 Huns · Singapore
1432
+17
🇺🇸 Burgundians · United States
1417
+17
🇧🇷 Japanese · Brazil
1483
-18
🇲🇽 Teutons · Mexico
1480
-18
🇲🇽 Romans · Mexico
1417
-15
🇲🇽 Wei · Mexico
1404
-14
[TSU] MrFluffyBunny
9:03 Loom
11:11 Feudal Age
11:51 Horse Collar
20:21 Castle Age
20:10 Double-Bit Axe
21:47 Heavy Plow
21:58 Bow Saw
23:16 Szlachta Privileges
23:20 Scale Barding Armor
23:25 Forging
25:51 Chain Barding Armor
26:06 Iron Casting
26:49 Bloodlines
26:40 Husbandry
29:30 Wheelbarrow
30:30 Gold Mining
31:28 Hand Cart
39:16 Light Cavalry
42:39 Imperial Age
42:54 Cavalier
44:36 Blast Furnace
45:42 Crop Rotation
46:27 Conscription
49:24 Winged Hussar
[TSU] CJ the Strategos
11:16 Feudal Age
9:31 Loom
14:26 Castle Age
13:04 Double-Bit Axe
15:01 Horse Collar
15:35 Bow Saw
17:13 Horse Collar
21:21 Scale Barding Armor
24:42 Heavy Plow
26:42 Gold Mining
29:22 Chain Barding Armor
29:05 Husbandry
29:59 Stone Mining
31:29 Bloodlines
34:42 Imperial Age
33:30 Wheelbarrow
34:58 Heavy Scorpion
35:46 Double Crossbow
37:07 Chemistry
36:43 Ballistics
37:37 Town Watch
39:38 Chemistry
39:03 Capped Ram
40:46 Plate Barding Armor
40:35 Conscription
41:04 Fortified Wall
40:48 Siege Ram
41:59 Forging
44:36 Siege Engineers
45:24 Hand Cart
49:36 Masonry
48:55 Elite Battle Elephant
Elavid
9:53 Double-Bit Axe
10:28 Horse Collar
12:57 Feudal Age
16:49 Castle Age
15:05 Bow Saw
14:55 Heavy Plow
15:08 Gold Mining
17:53 Wheelbarrow
18:58 Scale Barding Armor
19:23 Light Cavalry
22:11 Loom
23:05 Husbandry
22:43 Cavalier
25:14 Forging
27:32 Two-Man Saw
27:35 Chain Barding Armor
31:04 Iron Casting
30:32 Stone Mining
31:17 Gold Shaft Mining
32:07 Stone Shaft Mining
34:06 Imperial Age
31:22 Town Watch
33:22 Fervor
34:25 Crop Rotation
34:23 Hand Cart
34:24 Scale Mail Armor
36:00 Conscription
35:20 Flemish Revolution
36:08 Chain Mail Armor
36:54 Blast Furnace
35:41 Arson
35:57 Squires
37:37 Plate Mail Armor
42:11 Sanctity
42:49 Burgundian Vineyards
47:10 Chemistry
46:25 Masonry
47:27 Plate Barding Armor
48:15 Guilds
48:19 Town Patrol
49:32 Paladin
[TSU] gamerisdc
6:00 Loom
6:20 Loom
8:55 Feudal Age
9:27 Double-Bit Axe
10:09 Town Watch
12:08 Fletching
13:10 Horse Collar
16:35 Wheelbarrow
23:00 Castle Age
21:02 Gold Mining
21:07 Stone Mining
25:48 Scale Barding Armor
25:54 Forging
26:30 Bodkin Arrow
30:20 Heavy Plow
30:31 Bow Saw
33:10 Hand Cart
33:57 Padded Archer Armor
35:56 Leather Archer Armor
35:45 Husbandry
35:55 Bloodlines
37:28 Thumb Ring
39:31 Ballistics
43:55 Imperial Age
44:14 Heavy Cavalry Archer
44:55 Bracer
46:34 Chemistry
47:17 Chain Barding Armor
46:45 Light Cavalry
48:51 Conscription
48:02 Sappers
49:15 Plate Barding Armor
49:15 Iron Casting
48:28 Cavalier
48:50 Hussar
Seifer
5:39 Loom
8:28 Feudal Age
8:57 Double-Bit Axe
11:14 Town Watch
17:16 Fletching
18:15 Stone Mining
18:08 Horse Collar
24:14 Castle Age
24:54 Wheelbarrow
enricodias
10:54 Feudal Age
11:45 Double-Bit Axe
14:34 Castle Age
13:22 Horse Collar
16:00 Scale Mail Armor
17:14 Wheelbarrow
16:59 Heavy Plow
18:30 Wheelbarrow
18:37 Wheelbarrow
18:37 Chain Mail Armor
20:00 Stone Mining
21:10 Gold Mining
21:12 Loom
21:50 Forging
24:05 Iron Casting
24:22 Fletching
24:45 Squires
24:31 Arson
26:39 Gold Shaft Mining
28:04 Town Watch
28:32 Bodkin Arrow
32:54 Imperial Age
30:43 Hand Cart
31:37 Ballistics
33:03 Elite Samurai
34:03 Conscription
34:22 Plate Mail Armor
36:23 Blast Furnace
40:35 Hoardings
[Pb] Komodo 3000
7:15 Loom
10:12 Feudal Age
8:36 Loom
10:22 Feudal Age
18:00 Castle Age
24:07 Scale Barding Armor
Herby
2:33 Loom
10:33 Feudal Age
14:55 Castle Age
13:09 Double-Bit Axe
13:51 Gold Mining
16:32 Bow Saw
Connection lost

Rejoining the realm…

Still unreachable

The connection could not be restored.

Session expired

The server has moved on; the page needs a fresh start.